 Dungeon Crawl Stone Soup version 0.23.2-1-ga50397a (webtiles) character file.

Game seed: 2397060534110022407

50 xveg the Chiller (level 3, -4/16 HPs)
             Began as a Vine Stalker Ice Elementalist on May 7, 2019.
             Shot with a stone by a goblin (5 damage)
             ... on level 2 of the Dungeon.
             The game lasted 00:04:30 (1538 turns).

xveg the Chiller (Vine Stalker Ice Elementalist)    Turns: 1538, Time: 00:04:30

Health: -4/16      AC:  2    Str: 10    XL:     3   Next: 79%
Magic:  0/8        EV: 12    Int: 16    God:
Gold:   94         SH:  0    Dex: 14    Spells: 6/7 levels left

rFire    . . .     SeeInvis .   d - +0 dagger
rCold    . . .     Gourm    .   (no shield)
rNeg     . . .     Faith    .   a - +0 robe
rPois    .         Spirit   +   (no helmet)
rElec    .         Reflect  .   (no cloak)
rCorr    .         Harm     .   (no gloves)
MR       .....                  (no boots)
Stlth    ++........             e - amulet of rage
HPRegen  0.05/turn              (no ring)
MPRegen  0.11/turn              (no ring)

@: no status effects
A: fangs 2, magic shield, antimagic bite, no potion heal 3, rot immunity
a: Evoke Berserk Rage


You were on level 2 of the Dungeon.
You were not hungry.

You visited 1 branch of the dungeon, and saw 2 of its levels.

You collected 94 gold pieces.

Inventory:

Hand Weapons
 d - a +0 dagger (weapon)
 k - a +0 short sword
Missiles
 i - 25 sling bullets
Armour
 a - a +0 robe (worn)
Jewellery
 e - an amulet of rage (around neck)
 j - an uncursed ring of positive energy
Scrolls
 b - 2 scrolls of remove curse {unknown}
 f - a scroll of enchant weapon {unknown}
 g - 2 scrolls of immolation {unknown}
 h - 3 scrolls of identify {unknown}
 m - 3 scrolls of enchant armour {unknown}
 n - a scroll of fear {unknown}
 o - 2 scrolls of teleportation {unknown}
Potions
 p - 2 potions of might {unknown}
 q - a potion of curing {unknown}
Comestibles
 c - 2 rations
 l - 2 chunks of flesh


   Skills:
 + Level 0.1 Fighting
 + Level 0.2 Short Blades
 + Level 1.9 Dodging
 + Level 2.7 Stealth
 + Level 2.8 Spellcasting
   Level 1.0 Conjurations
 + Level 3.7 Ice Magic


You had 6 spell levels left.
You knew the following spells:

 Your Spells              Type           Power        Failure   Level  Hunger
a - Freeze                Ice            ##..         4%          1    #......

Your spell library contained the following spells:

 Spells                   Type           Power        Failure   Level  Hunger
 Throw Frost              Conj/Ice       #.....       11%         2    ##.....
 Ozocubu's Armour         Chrm/Ice       #.......     26%         3    ###....
 Throw Icicle             Conj/Ice       #.......     56%         4    #####..
 Summon Ice Beast         Ice/Summ       #.......     65%         4    #####..


Dungeon Overview and Level Annotations

Branches:
Dungeon (2/15)

Altars:
Okawaru
Wu Jian
Xom


Innate Abilities, Weirdness & Mutations

You have extremely sharp teeth.
When hurt, damage is shared between your health and your magic reserves.
Your bite disrupts and absorbs the magic of your enemies.
Potions cannot restore your health.
You are immune to rotting.


Message History

Press: ? - help, Shift-Dir - straight line, f/p - giant cockroach
Aim: a giant cockroach (severely wounded, clinging)
You freeze the giant cockroach.
You kill the giant cockroach!
The goblin hits you with a +0 club.
* * * LOW HITPOINT WARNING * * *
Casting: Freeze (safe; 4% risk of failure)
Confirm with . or Enter, or press ? or * to list all spells.
You don't have enough magic to cast that spell.
Unknown command.
Casting: Freeze (safe; 4% risk of failure)
Confirm with . or Enter, or press ? or * to list all spells.
You don't have enough magic to cast that spell.
The goblin unwields a +0 club.
The goblin wields a +0 hunting sling.
The goblin shoots a stone.
The stone hits you.
* * * LOW HITPOINT WARNING * * *
You see here a stone.
The goblin shoots a stone.
The stone closely misses you.
The goblin shoots a stone.
The stone hits you.
You die...

#.....# #####...
#.^^^.# #...#...
#.^_^.####...#...
#..^^...##.......
###................
###.##...##.######.#.
#....(...............
###................#.
#.@##............#.
#..##........###.#.
#..##.....##.###.#.
#.(##............#.
#..##....#####.####
#g†##....#.........
#... #.....###. #..##
#..##...# #..#
..#..#....#.


You could see a goblin.

Vanquished Creatures
  2 oozes (D:1)
  A dart slug (D:1)
  2 leopard geckos (D:1)
  4 giant cockroaches
  2 goblins (D:1)
  A hobgoblin (D:1)
  2 jackals (D:2)
  6 kobolds
  2 quokkas (D:2)
  6 bats
  2 frilled lizards (D:1)
  5 rats
35 creatures vanquished.

Notes
Turn   | Place    | Note
-------+----------+-------------------------------------------
     0 | D:1      | xveg the Vine Stalker Ice Elementalist began the quest for
                  | the Orb.
     0 | D:1      | Reached XP level 1. HP: 9/9 MP: 4/4
   186 | D:1      | Reached XP level 2. HP: 13/13 MP: 6/6
   593 | D:1      | Found an iron altar of Okawaru.
   697 | D:1      | Reached XP level 3. HP: 5/16 MP: 2/7
  1483 | D:2      | Found an ornate altar of the Wu Jian Council.
  1506 | D:2      | Found a shimmering altar of Xom.
  1538 | D:2      | Shot with a stone by a goblin

Action                   || total
-------------------------++-------
Melee: Dagger            ||    49
       Bite              ||    13
       Unarmed           ||     1
 Cast: Freeze            ||    34
 Stab: Sleeping          ||     1
  Eat: Chunk             ||     2
Armor: Robe              ||    27
Dodge: Dodged            ||    71
